 Dungeon Sprint DCSS version 0.23.2-1-ga50397a6bc (webtiles) character file.

Game seed: 12045043291471211568

426 Kobolds4U the Carver (level 6, -15/63 HPs)
             Began as a Minotaur Berserker on May 10, 2019.
             Was a Believer of Trog.
             Demolished by a slime creature (21 damage)
             ... in the Dungeon (Sprint I: "Red Sonja").
             The game lasted 00:01:18 (285 turns).

Kobolds4U the Carver (Minotaur Berserker)            Turns: 285, Time: 00:01:18

Health: -15/63     AC:  2    Str: 22    XL:     6   Next: 64%
Magic:  5/5        EV: 16    Int:  4    God:    Trog [**....]
Gold:   297        SH:  0    Dex: 11    Spells: 5/5 levels left

rFire    . . .     SeeInvis .   a - +0 falchion
rCold    . . .     Gourm    .   (no shield)
rNeg     . . .     Faith    .   b - +0 animal skin
rPois    .         Spirit   .   (helmet restricted)
rElec    .         Reflect  .   (no cloak)
rCorr    .         Harm     .   (no gloves)
MR       .....     NoTele   +   (no boots)
Stlth    +.........             (no amulet)
HPRegen  0.20/turn              (no ring)
MPRegen  0.09/turn              (no ring)

@: no status effects
A: retaliatory headbutt, horns 2
a: Berserk, Trog's Hand, Renounce Religion


You were in the Dungeon.
You worshipped Trog.
Trog was pleased with you.
You were not hungry.

You visited 1 branch You collected 297 gold pieces.

Inventory:

Hand Weapons
 a - a +0 falchion (weapon)
Armour
 b - a +0 animal skin (worn)
Scrolls
 i - a scroll of blinking
 k - 2 scrolls of identify {unknown}
Potions
 d - a potion of curing
 e - a potion of heal wounds
 f - a potion of haste
 g - 2 potions of magic
 h - a potion of berserk rage
Comestibles
 c - 2 rations


   Skills:
 + Level 9.3 Fighting
 * Level 12.3 Long Blades
 - Level 2.4 Armour
 + Level 8.2 Dodging


You had 5 spell levels left.
You didn't know any spells.
Your spell library was empty.

Dungeon Overview and Level Annotations

Branches:
Dungeon (1/1)

Altars:
Cheibriados
Dithmenos
Elyvilon
Fedhas
Gozag
Hepliaklqana
Kikubaaqudgha
Makhleb
Nemelex Xobeh
Okawaru
Qazlal
Ru
Sif Muna
Trog
Uskayaw
Vehumet
Wu Jian
Xom
Yredelemnul
Zin
The Shining One
Jiyva
Lugonu

Shops:
D =


Innate Abilities, Weirdness & Mutations

You reflexively headbutt those who attack you in melee.
You have a pair of horns on your head.


Message History

There is an ornate altar of the Wu Jian Council here.
There is an open door here.
You open the door.
A slime creature comes into view.
Found four altars.
There is an open door here.
The slime creature quivers.
The slime creature hits you!
There is a burning altar of Makhleb here.
You slash the slime creature! You headbutt the slime creature!
The slime creature is moderately wounded.
The slime creature hits you!!
* * * LOW HITPOINT WARNING * * *
You hit the slime creature. You headbutt the slime creature!
The slime creature is heavily wounded.
The slime creature closely misses you.
You hit the slime creature.
The slime creature is heavily wounded.
The slime creature hits you!!
You die...

###################
#<.#..)..#..'..#__#
#..'[.#..').#..'.J+
#..#####'#####'#@_#
#..####..#...#.####
#..#__####..##.#
#..#_____##'#_.+
#⌠⌠#_.∩...'..._#
####_..__##_.#'#
#_____###+#.#
####### ###


You could see a slime creature.

Vanquished Creatures
  Sigmund (D)
  A yak (D)
  An ogre (D)
  A jelly (D)
  Ijyb (D)
5 creatures vanquished.

Vanquished Creatures (others)
  A gargoyle (D)
1 creature vanquished.

Grand Total: 6 creatures vanquished

Notes
Turn   | Place    | Note
-------+----------+-------------------------------------------
     0 | D        | Kobolds4U the Minotaur Berserker began the quest for the
                  | Orb.
     0 | D        | Reached XP level 1. HP: 19/19 MP: 0/0
     1 | D        | Noticed Ijyb
     9 | D        | Killed Ijyb
     9 | D        | Reached skill level 5 in Fighting
     9 | D        | Reached skill level 6 in Long Blades
     9 | D        | Reached XP level 2. HP: 19/29 MP: 1/1
   118 | D        | Noticed an ogre
   120 | D        | Killed an ogre
   120 | D        | Reached skill level 8 in Long Blades
   120 | D        | Reached skill level 5 in Dodging
   120 | D        | Reached XP level 3. HP: 38/38 MP: 2/2
   120 | D        | Reached XP level 4. HP: 45/45 MP: 3/3
   124 | D        | Noticed Sigmund
   133 | D        | Killed Sigmund
   133 | D        | Reached ** piety under Trog
   133 | D        | Reached skill level 11 in Long Blades
   133 | D        | Reached XP level 5. HP: 52/53 MP: 4/4
   156 | D        | Found an ornate altar of the Wu Jian Council.
   156 | D        | Found a deep blue altar of Sif Muna.
   158 | D        | Found a radiant altar of Vehumet.
   161 | D        | Reached XP level 6. HP: 43/62 MP: 5/5
   192 | D        | Killed a gargoyle
   256 | D        | Found Lovvaka's Jewellery Emporium.
   256 | D        | Found an ancient bone altar of Kikubaaqudgha.
   256 | D        | Found a hazy altar of Hepliaklqana.
   256 | D        | Found a hide-covered altar of Uskayaw.
   256 | D        | Found a basalt altar of Yredelemnul.
   256 | D        | Found an opulent altar of Gozag.
   256 | D        | Found a snail-covered altar of Cheibriados.
   256 | D        | Found a sacrificial altar of Ru.
   256 | D        | Found a shadowy altar of Dithmenos.
   256 | D        | Noticed a yak
   263 | D        | Killed a yak
   263 | D        | Reached skill level 12 in Long Blades
   264 | D        | Found a stormy altar of Qazlal.
   264 | D        | Found a blossoming altar of Fedhas.
   264 | D        | Found a bloodstained altar of Trog.
   264 | D        | Found an iron altar of Okawaru.
   264 | D        | Found a glowing golden altar of the Shining One.
   264 | D        | Found a glowing silver altar of Zin.
   264 | D        | Found a white marble altar of Elyvilon.
   265 | D        | Found a sparkling altar of Nemelex Xobeh.
   280 | D        | Found a burning altar of Makhleb.
   280 | D        | Found a viscous altar of Jiyva.
   280 | D        | Found a shimmering altar of Xom.
   280 | D        | Found a corrupted altar of Lugonu.
   280 | D        | Noticed a slime creature
   285 | D        | Demolished by a slime creature

Skill      XL: |  1  2  3  4  5  6 |
---------------+-------------------+-----
Fighting       | 5 6 8 9 |  9.3
Long Blades    | 6 8 11 12 | 12.3
Dodging        | 3 5 7 8 |  8.2
Armour         | |  2.4

Action                   |  1- 3 |  4- 6 || total
-------------------------+-------+-------++-------
Melee: Falchion          |     8 |    20 ||    28
       Headbutt          |     2 |     7 ||     9
Invok: Berserk           |     1 |       ||     1
Armor: Animal skin       |     2 |       ||     2
Dodge: Dodged            |     3 |     8 ||    11
       Rpst.: Falchion   |     2 |     3 ||     5
